 Dungeon Crawl Stone Soup version 0.32-a0-360-gcd93b57ba1 (webtiles) character file.

Game seed: 11626137669150516055

141 Flugkiller the Slasher (level 5, 0/42 HPs)
             Began as a Coglin Chaos Knight on Feb 18, 2024.
             Was a Plaything of Xom.
             Slain by a jelly (1 damage)
             ... on level 4 of the Dungeon.
             The game lasted 00:03:45 (2760 turns).

Flugkiller the Slasher (Coglin Chaos Knight)        Turns: 2760, Time: 00:03:45

Health: 0/42       AC: -4    Str: 14    XL:     5   Next: 24%
Magic:  5/5        EV:  8    Int: 11    God:    Xom [.....*]
Gold:   71         SH:  0    Dex: 14    Spells: 4/4 levels left

rFire   + . .        a - +0 falchion (chaos) {Mbali}
rCold   + . .        l - +2 whip (venom) {Bianca}
rNeg    + . .        v - +2 leather armour {rF+}
rPois   .            s - +0 helmet
rElec   .            (no cloak)
rCorr   .            d - +0 pair of gloves
SInv    .            (no boots)
Will    .....        (no amulet)
Stlth   +            r - ring of positive energy
HPRegen 0.27/turn    p - ring of protection from cold
MPRegen 0.09/turn

%: no passive effects
@: corroded, constricted, revving
A: off-hand wielding, slow wielding, warmup strikes, warmup strides
a: Renounce Religion


You were on level 4 of the Dungeon.
You worshipped Xom.
You were Xom's teddy bear.
You visited 1 branch of the dungeon, and saw 4 of its levels.

You collected 120 gold pieces.
You spent 49 gold pieces at shops.

Inventory:

Hand Weapons
 a - a +0 falchion of chaos (weapon) {Mbali}
 e - a +0 whip of venom
   (You found it on level 1 of the Dungeon)
 g - a +0 dagger {Latda}
   (You took it off a goblin on level 1 of the Dungeon)
 l - a +2 whip of venom (worn) {Bianca}
   (You took it off a kobold on level 2 of the Dungeon)
Armour
 d - a +0 pair of gloves (worn)
   (You bought it in a shop on level 1 of the Dungeon)
 s - a +0 helmet (worn)
   (You found it on level 3 of the Dungeon)
 v - a +2 leather armour of fire resistance (worn)
   (You found it on level 3 of the Dungeon)
Jewellery
 o - an amulet of magic regeneration
   (You found it on level 2 of the Dungeon)
 p - a ring of protection from cold (right grasper)
   (You found it on level 3 of the Dungeon)
 r - a ring of positive energy (left grasper)
   (You found it on level 3 of the Dungeon)
Scrolls
 c - a scroll of enchant armour {unknown}
 i - a scroll of immolation {unknown}
 j - a scroll of identify {unknown}
 k - a scroll of poison {unknown}
 n - a scroll of amnesia {unknown}
 q - a scroll of fog {unknown}
 t - a scroll of teleportation
 x - a scroll of fear
Potions
 b - a potion of heal wounds {unknown}
 f - a potion of might {unknown}
 h - 2 potions of mutation {unknown}
 m - a potion of lignification {unknown}
 u - a potion of curing {unknown}
 w - a potion of haste {unknown}


   Skills:
 - Level 4.0 Fighting
 + Level 5.1 Long Blades
 - Level 1.7 Armour
 - Level 0.8 Dodging


You had 4 spell levels left.
You didn't know any spells.
Your spell library was empty.

Dungeon Overview and Level Annotations

Branches:
Dungeon (4/15) Zot: 21074
 Temple: D:4-7

Altars:

Shops:
D:1 [*(!(   D:2 (   D:3 (


Innate Abilities, Weirdness & Mutations

You can wield a second weapon in your off-hand.
It takes a long time for you to wield or remove held weapons.
Your first few attacks do less damage.
Your first movements take longer.


Message History

You open the door.
You are now Xom's teddy bear.
There is an open door here. "See what I see, my child!"
You feel aware of your surroundings.
Unknown command.
There is an open door here.
You open the door.
There is an open door here.
You open the door.
There is an open door here.
As you open the door, it creaks loudly!
There is an open door here.
There is an open door here.
A ball python comes into view.
The ball python hisses angrily.
There is an open door here.
The ball python bites you. The ball python grabs you.
The ball python constricts you.
You hit the ball python with your +2 whip of venom.
You kill the ball python!
No target in view!
No target in view!
You see here a staff of earth.
There is an open door here.
Things that are here:
a +0 club; a +0 leather armour; an orc skeleton You see here a frilled lizard skeleton.
Found Vophamit's Weapon Boutique.
No target in view!
There is an entrance to Vophamit's Weapon Boutique here.
Unknown command.
You see here a frilled lizard skeleton.
Done exploring.
Done exploring.
Done exploring.
Unknown command.
As you read the scroll labelled YMUS SEITAHE, it crumbles to dust.
You feel strangely unstable.
It was a scroll of teleportation.
t - a scroll of teleportation;
d - a +0 pair of gloves (worn)
Unknown command.
As you read the scroll labelled ANLEGH NUODOE, it crumbles to dust.
You assume a fearsome visage.
Nothing appears to happen.
It was a scroll of fear.
Unknown command.
You start waiting.
Your surroundings suddenly seem different.
Unknown command.
Done exploring.
Done exploring.
There is an open door here.
You see here a staff of earth.
There is an open door here.
Things that are here:
a +0 club; a +0 leather armour; an orc skeleton
There is a stone staircase leading down here.
You climb downwards.
There is a stone staircase leading up here.
Unknown command.
A ball python and a jelly come into view.
Found a ring mail.
The ball python hisses angrily.
Welcome back, Flugkiller the Coglin Chaos Knight.
Xom titters.
Press ? for a list of commands and other information.
Unknown command.
Unknown command.
The jelly hits you but does no damage.
You hit the jelly with your +2 whip of venom.
Your graspers burn!
The jelly is lightly wounded.
You hit the jelly with your +0 falchion of chaos.
You burn the jelly. The acid corrodes you!
Your graspers burn!
The ball python closely misses you. x2; The jelly closely misses you.
You hit the jelly but do no damage. The acid corrodes you!
Your graspers burn!
The jelly is heavily wounded.
You slash the jelly with your +0 falchion of chaos!
The jelly looks weaker.
Your graspers burn!
The ball python bites you. The ball python closely misses you.
The jelly closely misses you.
You hit the jelly with your +2 whip of venom.
Your graspers burn!
The jelly is almost dead.
You hit the jelly but do no damage.
Your graspers burn!
The ball python bites you. The ball python misses you. The jelly hits you.
The acid corrodes you!
You are splashed with acid!
* * * LOW HITPOINT WARNING * * *
You are too injured to fight recklessly!
Unknown command.
The ball python bites you.
* * * LOW HITPOINT WARNING * * *
The ball python grabs you. The ball python constricts you.
* * * LOW HITPOINT WARNING * * *
The jelly attacks as it pursues you! The jelly hits you.
* * * LOW HITPOINT WARNING * * *
You are splashed with acid!
* * * LOW HITPOINT WARNING * * *
The ball python closely misses you. The ball python constricts you.
The jelly hits you.
You die... "I guess I need a new plaything now."

#........##
#.........#
#........#
#........#
######
#........#
#....#
##.[......+
#.#.##.#
.......J..#
#.#..<.#.#
.......S@.#
#.#..#.#.#
.......##.#
#.#..#.#.#
....... #.#
#.#..#.#.#
#...###
#.#.#.#..#.#.#
...
#.#.#.####.#.#
..
#.#........#.##
.
#.###.###.....#
#.....# #.#####
####### #.#


You could see a jelly (weak) and a ball python.

Vanquished Creatures
  An adder (D:2)
  2 gnolls (D:1)
  A ribbon worm (D:2)
  An orc (D:3)
  8 ball pythons
  9 bats
  4 endoplasms
  2 giant cockroaches
  5 goblins (D:1)
  8 hobgoblins
  3 jackals (D:3)
  A quokka (D:3)
  7 frilled lizards
  4 kobolds
  8 rats
64 creatures vanquished.

Notes
Turn   | Place    | Note
-------+----------+-------------------------------------------
     0 | D:1      | Flugkiller the Coglin Chaos Knight began the quest for the
                  | Orb.
     0 | D:1      | Reached XP level 1. HP: 18/18 MP: 1/1
    40 | D:1      | Found Neguen's Weapon Emporium.
    57 | D:1      | Found Piympanuam's Assorted Antiques.
    95 | D:1      | Reached XP level 2. HP: 24/24 MP: 2/2
   122 | D:1      | XOM: silly message
   155 | D:1      | Found Ilohioxt's Armour Shop.
   204 | D:1      | Reached skill level 4 in Long Blades
   258 | D:1      | Found Kuebumor's Distillery.
   262 | D:1      | Reached XP level 3. HP: 29/29 MP: 3/3
   412 | D:1      | Found Orriniz's Weapon Shoppe.
   581 | D:2      | XOM: divination: detect items
   596 | D:1      | Reached XP level 4. HP: 15/35 MP: 4/4
   946 | D:1      | XOM: divination: detect items
  1008 | D:1      | Found a faded altar of an unknown god.
  1039 | D:1      | XOM: noise
  1184 | D:2      | Found Efiz's Antique Weapon Emporium.
  1412 | D:2      | XOM: silly message
  1585 | D:2      | XOM: silly message
  1798 | D:2      | XOM: divination: magic mapping
  1970 | D:3      | Reached XP level 5. HP: 42/42 MP: 5/5
  2045 | D:1      | Bought a +0 pair of gloves for 49 gold pieces
  2304 | D:3      | Reached skill level 5 in Long Blades
  2335 | D:3      | XOM: 2-stop teleportation journey
  2582 | D:3      | XOM: divination: magic mapping
  2686 | D:3      | Found Vophamit's Weapon Boutique.
  2760 | D:4      | HP: 1/42 [acid (7)]
  2760 | D:4      | Slain by a jelly

Illustrated notes

Levels and vault maps discovered:
D:1:      nzn_arrival_depleted_hourglass, layout_basic, serial_shops,
          nicolae_shop_overgrown_old_shop, nicolae_shop_hallway_stairs, shop,
          shop, nicolae_diamond_shop, shapermc_ecumenical_altar_ellora,
          st_stairs_3
D:2:      layout_rooms, serial_glass, glass_columns_b, glass_columns_c,
          minmay_strange_pillars, due_unseen_surprise, serial_shops, shop,
          chequers_serial_rivers_micro_b, chequers_serial_rivers_large_a
D:3:      layout_loops_ring, serial_shops, nicolae_shop_back_alley_shop,
          glass_columns_a, nicolae_hexahallways
D:4:      layout_basic, serial_bayou, serial_bayou_pond_b, serial_bayou_pond_c,
          serial_bayou_shore_a, serial_bayou_shore_b, serial_bayou_pond_c,
          ebering_ghost_sewer_d, nicolae_shop_fire_sale
          [nicolae_sub_dead_trees], kennysheep_pointless_box

Skill      XL: |  1  2  3  4  5 |
---------------+----------------+-----
Long Blades    | 4 5 |  5.1
Fighting       | 4 |  4.0
Armour         | |  1.7
Dodging        | |  0.8

Action                     |  1- 3 |  4- 6 || total
---------------------------+-------+-------++-------
  Melee: Falchion          |    68 |    71 ||   139
         Dagger            |    18 |    38 ||    56
         Whip              |       |    32 ||    32
    Use: Scroll            |     1 |     2 ||     3
 Armour: Leather armour    |    43 |    50 ||    93
  Dodge: Dodged            |    59 |    52 ||   111

Table legend: (Time is in decaauts)
 A = Elapsed time spent in this place.
 B = Non-inter-level travel time spent in this place.
 C = Inter-level travel time spent in this place.
 D = Time resting spent in this place.
 E = Time spent auto-exploring this place.
 F = Levels seen in this place.
 G = Mean time per level.
                   A        B        C        D        E       F      G
               +--------+--------+--------+--------+--------+-----+--------+
         Total |   2923 |   2790 |    133 |    169 |   2034 |   4 |  730.8 |
       Dungeon |   2923 |   2790 |    133 |    169 |   2034 |   4 |  730.8 |
               +--------+--------+--------+--------+--------+-----+--------+

Top non-repeatable levels by time:
     D:1: 1151 daAuts
     D:2: 899 daAuts
     D:3: 840 daAuts
     D:4: 32 daAuts
